 Dungeon Crawl Stone Soup version 0.20-a0-369-g71b9d6e (webtiles) character file.

1462 Gorice the Bolt Thrower (level 9, 0/57 HPs)
             Began as a Kobold Arcane Marksman on Dec 27, 2016.
             Slain by an orc warrior
             ... wielding a +0 short sword
              (18 damage)
             ... on level 6 of the Dungeon.
             The game lasted 00:25:07 (5515 turns).

Gorice the Bolt Thrower (Kobold Arcane Marksman)    Turns: 5515, Time: 00:25:08

Health: 0/57       AC:  9    Str: 11    XL:     9   Next: 5%
Magic:  10/10      EV: 16    Int: 14    God:
Gold:   239        SH:  0    Dex: 15    Spells: 9/10 levels left

rFire  + . .     SeeInvis .     a - +0 flail
rCold  . . .     Gourm    .     A - +2 ring mail {rF+}
rNeg   . . .     Faith    .     (shield restricted)
rPois  .         Spirit   .     l - +1 helmet
rElec  .         Reflect  .     (no cloak)
rCorr  .         Harm     .     (no gloves)
MR     .....                    (no boots)
Stlth  ++........               u - amulet of regeneration
                                (no ring)
                                r - ring of stealth

@: no status effects
A: carnivore 3
a: no special abilities


You were on level 6 of the Dungeon.
You were very full.

You visited 1 branch of the dungeon, and saw 6 of its levels.

You collected 239 gold pieces.

Inventory:

Hand Weapons
 a - a +0 flail (weapon)
 b - a +0 hand crossbow
 p - a +0 hand axe
 v - a +0 falchion
 z - a +0 blowgun
Missiles
 d - 4 bolts
 k - 8 poisoned needles
 Z - 153 stones (quivered)
Armour
 e - a +1 chain mail of cold resistance
   (You took it off Edmund on level 6 of the Dungeon)
 l - a +1 helmet (worn)
 A - a +2 ring mail of fire resistance (worn)
   (You found it on level 4 of the Dungeon)
Jewellery
 r - a ring of stealth (left hand)
 u - an amulet of regeneration (around neck)
Scrolls
 s - 2 scrolls of fog
 t - a scroll of enchant weapon {unknown}
 w - a scroll of blinking
 y - a scroll of teleportation {!r}
Potions
 g - 2 potions of magic {!q}
 h - a potion of ambrosia
 i - a potion of flight
 n - 4 potions of brilliance {!q}
 o - 2 potions of curing
 x - a potion of invisibility {unknown}
Books
 c - a book of Debilitation
Comestibles
 f - 5 meat rations {!e}
 j - 9 chunks of flesh
 m - a slice of pizza
 q - a beef jerky


   Skills:
 + Level 7.5 Fighting
 - Level 7.5 Crossbows
 + Level 6.8 Dodging
 - Level 1.1 Spellcasting
 - Level 3.0 Hexes


You had 9 spell levels left.
You knew the following spells:

 Your Spells              Type           Power        Failure   Level  Hunger
a - Corona                Hex            #......      21%         1    ##.....


Dungeon Overview and Level Annotations

Branches:
Dungeon (6/15)
 Temple: D:4-7

Altars:
Dithmenos
Elyvilon
Gozag
Kikubaaqudgha
Nemelex Xobeh
Qazlal
Sif Muna
Uskayaw
Vehumet
Xom

Shops:
D:4 [   D:6 [*:

Annotations:
D:4 1 runed door


Innate Abilities, Weirdness & Mutations

You are small and have problems with some larger weapons.
You are carnivorous and can eat meat at any time.


Message History

You hit the orc warrior but do no damage.
The orc warrior is severely wounded.
The orc warrior hits you with a short sword!
The orc warrior misses you.
Damage: 9 (max 9)
You closely miss the orc warrior.
The orc warrior is severely wounded.
The orc warrior hits you but does no damage.
You closely miss the orc warrior.
The orc warrior is severely wounded.
The orc warrior hits you but does no damage.
You hit the orc warrior.
The orc warrior is severely wounded.
The orc warrior barely misses you. x2
You hit the orc warrior but do no damage.
The orc warrior is severely wounded.
The orc warrior hits you with a short sword.
Damage: 1 (max 9)
You barely miss the orc warrior.
The orc warrior is severely wounded.
The orc warrior hits you with a short sword!
The orc warrior barely misses you.
Damage: 13 (max 13)
You hit the orc warrior but do no damage.
The orc warrior is severely wounded.
The orc warrior hits you with a short sword!
* * * LOW HITPOINT WARNING * * *
Damage: 8 (max 13)
You are too injured to fight recklessly!
You are too injured to fight recklessly!
You are too injured to fight recklessly!
You are too injured to fight recklessly!
You are too injured to fight recklessly!
You are too injured to fight recklessly!
You hit the orc warrior.
The orc warrior is severely wounded.
The orc warrior completely misses you.
You hit the orc warrior but do no damage.
The orc warrior is severely wounded.
The orc warrior completely misses you.
The orc warrior hits you with a short sword!
* * * LOW HITPOINT WARNING * * *
Damage: 9 (max 13)
You closely miss the orc warrior.
The orc warrior is severely wounded.
The orc warrior barely misses you.
You hit the orc warrior.
The orc warrior is almost dead.
The orc warrior hits you with a short sword!!
You die...

###..##.### ...#
...#.# ...
####.##.### ..#
#..#
.).......... .(#
....
###...#.###. #)#
.#.# #...# # #o#
.o.# . ....#
#.#...##.
###...#
#.######o#......
##..#
#.....@oo...#
#..#
########.#..#
..# #.#..#
#รท#..# #.#..#
#.#..# #.#..#
#.#>.# #....#


You could see an orc warrior and 2 orcs.

Vanquished Creatures
  The ghost of crawlian the Firebug, an amateur DEFE of Vehumet (D:5)
  Edmund (D:6)
  A phantom (D:5)
  2 centaurs (D:5)
  A big kobold (D:4)
  2 bullfrogs (D:6)
  A scorpion (D:4)
  A howler monkey (D:5)
  2 hounds
  A quasit (D:6)
  6 orc wizards
  An iguana (D:5)
  Ijyb (D:3)
  5 worker ants
  A hound skeleton (D:5)
  12 adders
  An adder skeleton (D:4)
  3 worms
  3 dart slugs
  A leopard gecko (D:2)
  9 orcs
  8 bats
  4 giant cockroaches
  6 hobgoblins
  8 jackals
  7 kobolds
  5 quokkas
  2 ball pythons
  5 frilled lizards
  7 goblins
  A jackal skeleton (D:5)
  8 rats
117 creatures vanquished.

Vanquished Creatures (others)
  A bat (D:3)
1 creature vanquished.

Grand Total: 118 creatures vanquished

Notes
Turn   | Place    | Note
-------+----------+-------------------------------------------
     0 | D:1      | Gorice the Kobold Arcane Marksman began the quest for the Orb.
     0 | D:1      | Reached XP level 1. HP: 12/12 MP: 2/2
    49 | D:1      | Reached XP level 2. HP: 16/16 MP: 3/3
    64 | D:1      | Reached skill level 3 in Crossbows
   266 | D:1      | Reached skill level 2 in Fighting
   413 | D:1      | Reached XP level 3. HP: 21/21 MP: 4/4
  1353 | D:2      | Reached XP level 4. HP: 21/27 MP: 5/5
  1356 | D:2      | Reached skill level 4 in Crossbows
  1586 | D:2      | Found a white marble altar of Elyvilon.
  1632 | D:2      | Reached skill level 3 in Fighting
  1750 | D:2      | Found a sparkling altar of Nemelex Xobeh.
  1979 | D:3      | Reached XP level 5. HP: 32/32 MP: 4/6
  2089 | D:3      | Found a shimmering altar of Xom.
  2156 | D:3      | Found a stormy altar of Qazlal.
  2159 | D:3      | Reached skill level 5 in Crossbows
  2396 | D:3      | Found a radiant altar of Vehumet.
  2486 | D:3      | Noticed Ijyb
  2750 | D:3      | Killed Ijyb
  2750 | D:3      | Reached XP level 6. HP: 36/38 MP: 5/7
  2893 | D:4      | Reached skill level 4 in Fighting
  2984 | D:4      | Reached skill level 6 in Crossbows
  3047 | D:4      | Found Vemapneo's Armour Boutique.
  3151 | D:4      | Found a hide-covered altar of Uskayaw.
  3172 | D:4      | Found a white marble altar of Elyvilon.
  3172 | D:4      | Noticed an angel
  3173 | D:4      | Found a runed door.
  3602 | D:4      | Found a shadowy altar of Dithmenos.
  3710 | D:5      | Entered Level 5 of the Dungeon
  3722 | D:5      | Reached XP level 7. HP: 44/44 MP: 5/8
  3766 | D:5      | Reached skill level 7 in Crossbows
  3780 | D:5      | Found an ancient bone altar of Kikubaaqudgha.
  4027 | D:5      | Noticed crawlian's ghost (amateur DEFE)
  4164 | D:5      | Reached skill level 5 in Fighting
  4197 | D:5      | Reached skill level 3 in Dodging
  4295 | D:5      | Found an opulent altar of Gozag.
  4412 | D:4      | Reached XP level 8. HP: 50/50 MP: 9/9
  4521 | D:5      | Reached skill level 4 in Dodging
  5017 | D:5      | Reached skill level 6 in Fighting
  5017 | D:5      | Reached skill level 5 in Dodging
  5100 | D:5      | Killed crawlian's ghost
  5157 | D:5      | Found a deep blue altar of Sif Muna.
  5213 | D:6      | Noticed Edmund
  5243 | D:6      | Found Oraener's Assorted Antiques.
  5269 | D:6      | HP: 10/52 [Edmund/dire flail of protection (10)]
  5276 | D:6      | HP: 11/52 [Edmund/dire flail of protection (5)]
  5277 | D:6      | Killed Edmund
  5277 | D:6      | Reached skill level 6 in Dodging
  5337 | D:6      | Reached skill level 7 in Fighting
  5393 | D:6      | Reached XP level 9. HP: 30/57 MP: 10/10
  5401 | D:6      | Found Nieptidgha's Armour Emporium.
  5417 | D:6      | Found Mefenl Moerch's Book Shoppe.
  5513 | D:6      | HP: 16/57 [orc warrior/short sword (10)]
  5515 | D:6      | Slain by an orc warrior

Vault maps used:
D:1:      dpeg_arrival_castle, hangedman_decor_lopped
D:2:      marbit_many_paths, nicolae_overflow_crystal_walls
D:3:      fiery_altar_vehumet, xom_teletrap_fun, grunt_qazlal_sundering,
          grunt_ministairs_11, uniq_iyjb
D:4:      kennysheep_mini, eat_drink_and_be_merry_uskayaw, serial_shops,
          nicolae_shop_behind_doors, lemuel_angel_altar
D:5:      lemuel_coloured_pillars_altar, lemuel_doored_altar,
          kiku_gazebo_pond_becter, first_bread
D:6:      serial_shops, shop_fountains,
          nicolae_shop_competitors_out_of_business, nicolae_shop_waterfront,
          nicolae_shop_stone, portal_sewer_entry_e,
          nicolae_ossuary_entry_false_entrances, uniq_edmund

Skill      XL: |  1  2  3  4  5  6  7  8 |
---------------+-------------------------+-----
Crossbows      | 3 4 5 6 7 |  7.5
Fighting       | 2 3 4 5 7 |  7.5
Dodging        | 3 6 |  6.8
Spellcasting   | |  1.1
Hexes          | |  3.0

Action                   |  1- 3 |  4- 6 |  7- 9 || total
-------------------------+-------+-------+-------++-------
Melee: Flail             |       |       |   234 ||   234
 Fire: Hand crossbow     |    78 |   152 |    79 ||   309
Throw: Stone             |       |     2 |     7 ||     9
 Cast: Corona            |     4 |    35 |     8 ||    47
  Use: Scroll            |     7 |     5 |     4 ||    16
       Potion            |       |       |     3 ||     3
 Stab: Sleeping          |       |       |     3 ||     3
  Eat: Chunk             |    10 |     5 |     9 ||    24
Armor: Robe              |    10 |    12 |       ||    22
       Ring mail         |       |     4 |   116 ||   120
Dodge: Dodged            |    31 |    78 |   259 ||   368

Table legend:
 A = Turns spent in this place as a percentage of turns spent in the entire game.
 B = Non-inter-level travel turns spent in this place as a percentage of non-inter-level travel turns spent in the entire game.
 C = Inter-level travel turns spent in this place as a percentage of turns spent in this place.
 D = Turns resting spent in this place as a percentage of non-inter-level travel turns spent in this place.
 E = Turns spent auto-exploring this place as a percentage of non-inter-level travel turns spent in this place.
 F = Non-inter-level travel turns spent in this place divided by the number of levels of this place that you've seen.
                   A       B       C       D       E      F
               +-------+-------+-------+-------+-------+----------------------
         Total | 100.0 | 100.0 |   0.5 |   0.3 |   5.4 | 377.0
       Dungeon | 100.0 | 100.0 |   0.5 |   0.3 |   5.4 | 377.0
               +-------+-------+-------+-------+-------+----------------------

Vault maps used:
D:1:      dpeg_arrival_castle, hangedman_decor_lopped
D:2:      marbit_many_paths, nicolae_overflow_crystal_walls
D:3:      fiery_altar_vehumet, xom_teletrap_fun, grunt_qazlal_sundering,
          grunt_ministairs_11, uniq_iyjb
D:4:      kennysheep_mini, eat_drink_and_be_merry_uskayaw, serial_shops,
          nicolae_shop_behind_doors, lemuel_angel_altar
D:5:      lemuel_coloured_pillars_altar, lemuel_doored_altar,
          kiku_gazebo_pond_becter, first_bread
D:6:      serial_shops, shop_fountains,
          nicolae_shop_competitors_out_of_business, nicolae_shop_waterfront,
          nicolae_shop_stone, portal_sewer_entry_e,
          nicolae_ossuary_entry_false_entrances, uniq_edmund
